 Dungeon Crawl Stone Soup version 0.27-a0-54-g64bdb92e38 (webtiles) character file.

Game seed: 5765387017552292598

1149 kae the Insei (level 8, -7/54 HPs)
             Began as an Octopode Transmuter on Jan 7, 2021.
             Mangled by an ice beast (14 damage)
             ... on level 6 of the Dungeon.
             The game lasted 00:05:28 (8847 turns).

kae the Insei (Octopode Transmuter)                 Turns: 8847, Time: 00:05:29

Health: -7/54      AC:  1    Str: 12    XL:     8   Next: 38%
Magic:  12/12      EV: 17    Int: 21    God:
Gold:   411        SH:  0    Dex: 12    Spells: 5/13 levels left

rFire    . . .     SeeInvis .     - Unarmed
rCold    . . .     Faith    .   (no shield)
rNeg     . . .     Spirit   .   (helmet currently unavailable)
rPois    .         Reflect  .   (no amulet)
rElec    .         Harm     .   a - +6 ring of intelligence
rCorr    .         Rampage  .   r - +4 ring of evasion
Will     .....                  (no ring)
Stlth    ++........             (no ring)
HPRegen  0.18/turn              (no ring)
MPRegen  0.13/turn              (no ring)
                                (no ring)
                                (no ring)

@: appendages
A: almost no armour, stealthy swim, amphibious, 8 rings, constrict 8, tentacle
spike 3, camouflage 1, gelatinous body 1
a: End Transformation


You were on level 6 of the Dungeon.
One of your tentacles had a temporary spike.
You visited 1 branch of the dungeon, and saw 6 of its levels.
You also visited: Sewer and Ossuary.

You collected 411 gold pieces.

Inventory:

Jewellery
 a - a +6 ring of intelligence (left tentacle)
 r - a +4 ring of evasion (right tentacle)
Wands
 c - a wand of disintegration (15)
 f - a wand of random effects (41)
Scrolls
 d - a scroll of enchant armour
 g - 3 scrolls of identify
 i - a scroll of magic mapping
 j - 2 scrolls of teleportation
 o - 2 scrolls of enchant weapon
Potions
 b - 3 potions of curing
 e - 4 potions of might
 h - a potion of heal wounds
 k - a potion of ambrosia
 l - 2 potions of mutation
 m - 5 potions of invisibility
 n - 4 potions of degeneration
 p - a potion of berserk rage
 q - a potion of flight {unknown}
 s - a potion of lignification {unknown}
 t - a potion of haste {unknown}


   Skills:
 + Level 4.2 Fighting
 - Level 2.0 Dodging
 * Level 6.9 Unarmed Combat
 - Level 3.0 Spellcasting
 + Level 4.7 Transmutations
 - Level 3.0 Ice Magic


You had 5 spell levels left.
You knew the following spells:

 Your Spells              Type           Power        Failure   Level
a - Beastly Appendage     Tmut           46%          1%          1
b - Spider Form           Tmut/Pois      6%           16%         3
c - Ice Form              Ice/Tmut       19%          26%         4

Your spell library contained the following spells:

 Spells                   Type           Power        Failure   Level
 Wereblood                Tmut           23%          2%          2
 Blade Hands              Tmut           11%          45%         5


Dungeon Overview and Level Annotations

Branches:
Dungeon (6/15)              Sewer (visited)         Ossuary (visited)
 Temple: D:4-7

Altars:
Cheibriados
Gozag
Kikubaaqudgha
Okawaru
Ru
Sif Muna
Trog
Uskayaw
Vehumet

Annotations:
D:5 exclusion: statue


Innate Abilities, Weirdness & Mutations

You cannot wear most types of armour.
You are very stealthy in the water. (Stealth+)
You are amphibious.
You can wear up to eight rings at the same time.
You can use your tentacles to constrict eight enemies at once.
Your skin changes colour to match your surroundings (Stealth+).
Your rubbery body absorbs attacks. (AC +1, EV +1)
One of your tentacles bears a large vicious spike.


Message History

The ice beast is lightly wounded.
The ice beast barely misses you.
You tentacle-slap the ice beast. Your squeeze misses the ice beast.
The ice beast is moderately wounded.
The ice beast misses you.
You bludgeon the ice beast!
The ice beast is heavily wounded.
The ice beast hits you but does no damage.
You barely miss the ice beast. You squeeze the ice beast.
The ice beast is severely wounded.
You bludgeon the ice beast!
The ice beast is almost dead.
The ice beast hits you. The ice beast freezes you!
* * * LOW HITPOINT WARNING * * *
You closely miss the ice beast.
The ice beast is almost dead.
The ice beast hits you.
* * * LOW HITPOINT WARNING * * *
The ice beast freezes you!
You die...

#.# #.##.###. #.# ##
#.##.# ## #.# ..# #.##.#
#.. # ####.# #.##.#
#.####....## #.##.#
..........# #.##(#
#####.?.....# #.##.#
............# #.##.#
##.Y@....####.##.####
#../...................
#######.
#..####...#.###########.
.......... #####.# #.
########.# #.....# #.
########.#######.#####
#. .................# #.
...†..##..#.######
#############.
.####.##..#.#
#(............


You could see an ice beast.

Vanquished Creatures
  Purgy (Sewer)
  A centaur (D:5)
  2 jellies
  5 centaur zombies (Ossuary)
  A bullfrog skeleton (D:4)
  A human zombie (Ossuary)
  Crazy Yiuf (D:2)
  A hound (D:5)
  2 orc priests (D:5)
  2 iguanas
  4 worker ants
  4 orc wizards
  A hound skeleton (D:5)
  7 mummies (Ossuary)
  5 adders
  2 oozes
  4 adder zombies
  2 adder skeletons (D:6)
  8 worms
  2 dart slugs (D:1)
  15 orcs
  8 bats
  7 giant cockroaches
  3 goblins
  7 hobgoblins
  6 jackals
  9 kobolds
  3 quokkas
  11 ball pythons
  A ball python skeleton (D:5)
  6 frilled lizards
  4 goblin zombies (Ossuary)
  7 hobgoblin zombies (Ossuary)
  A jackal skeleton (D:4)
  4 kobold zombies (Ossuary)
  An orc zombie (Ossuary)
  4 quokka zombies (Ossuary)
  6 rats
  A rat zombie (Ossuary)
160 creatures vanquished.

Vanquished Creatures (others)
  2 plants (D:1)
2 creatures vanquished.

Grand Total: 162 creatures vanquished

Notes
Turn   | Place    | Note
-------+----------+-------------------------------------------
     0 | D:1      | kae the Octopode Transmuter began the quest for the Orb.
     0 | D:1      | Reached XP level 1. HP: 13/13 MP: 3/3
   205 | D:1      | Reached XP level 2. HP: 4/18 MP: 1/5
  1065 | D:1      | Reached XP level 3. HP: 23/23 MP: 6/6
  1511 | D:2      | Learned a level 3 spell: Spider Form
  1593 | D:2      | Found a runed translucent door.
  1594 | D:2      | Noticed Crazy Yiuf
  2059 | D:2      | Reached XP level 4. HP: 29/29 MP: 5/7
  2920 | D:2      | Reached skill level 4 in Unarmed Combat
  3383 | D:2      | Killed Crazy Yiuf
  3384 | D:2      | Reached XP level 5. HP: 34/34 MP: 5/9
  3682 | D:3      | Learned a level 4 spell: Ice Form
  3685 | D:3      | Found a hide-covered altar of Uskayaw.
  4213 | D:3      | Found an opulent altar of Gozag.
  4242 | D:3      | Found a shimmering blue altar of Sif Muna.
  4492 | D:4      | Reached XP level 6. HP: 41/41 MP: 3/10
  4527 | D:4      | Found a sand-covered staircase.
  4533 | Ossuary  | Entered an ossuary
  4638 | Ossuary  | Reached skill level 1 in Ice Magic
  4895 | Ossuary  | Reached skill level 5 in Unarmed Combat
  5131 | Ossuary  | Reached XP level 7. HP: 31/46 MP: 7/11
  6103 | D:4      | Found a bloodstained altar of Trog.
  6215 | D:4      | Found a sacrificial altar of Ru.
  6600 | D:4      | Found an ancient bone altar of Kikubaaqudgha.
  6919 | D:5      | Entered Level 5 of the Dungeon
  6938 | D:5      | Found a glowing drain.
  6963 | Sewer    | Entered a sewer
  7036 | Sewer    | Noticed Purgy
  7047 | Sewer    | Killed Purgy
  7048 | Sewer    | Reached skill level 6 in Unarmed Combat
  7372 | D:5      | Reached XP level 8. HP: 47/54 MP: 12/12
  7394 | D:5      | Found a radiant altar of Vehumet.
  8476 | D:5      | Found a snail-covered altar of Cheibriados.
  8744 | D:6      | Found an iron altar of Okawaru.
  8847 | D:6      | Mangled by an ice beast

Illustrated notes

Levels and vault maps discovered:
D:1:      tarquinn_simple_flora_water_d, layout_loops_ring,
          chequers_mini_garden, minmay_shallow_snake_nest
D:2:      layout_loops_corners, amethyst_killhole, kennysheep_boxes,
          uniq_crazy_yiuf_cottage
D:3:      layout_basic, grunt_gozag_breadcrumbs, eat_drink_and_be_merry_uskayaw,
          led_sif_pool
D:4:      layout_loops_ring, marbit_many_paths, old_standard_altar, bloody_trog,
          nicolae_ossuary_entry_monument
D:5:      cheibrodos_helix_gallery, layout_basic, vehumet_statue,
          kennysheep_mini_moat, cheibrodos_sewer_entry_drain
D:6:      layout_loops_ring, basic_altar

Skill      XL: |  1  2  3  4  5  6  7  8 |
---------------+-------------------------+-----
Fighting       | 2 3 4 |  4.2
Unarmed Combat | 4 5 6 |  6.9
Transmutations | 3 4 |  4.7
Spellcasting   | 3 |  3.0
Ice Magic      | 1 2 3 |  3.0
Dodging        | |  2.0

Action                   |  1- 3 |  4- 6 |  7- 9 || total
-------------------------+-------+-------+-------++-------
Melee: Unarmed           |    85 |   163 |   190 ||   438
       Constrict         |    21 |    30 |    41 ||    92
       Tentacles         |    11 |    25 |    36 ||    72
       Kick              |    12 |    26 |    32 ||    70
       Punch             |     1 |     1 |    10 ||    12
 Cast: Beastly Appendage |    20 |    24 |    31 ||    75
       Spider Form       |       |     4 |     3 ||     7
  Use: Scroll            |       |    11 |     8 ||    19
       Potion            |       |     1 |     3 ||     4
 Stab: Sleeping          |     4 |     9 |    10 ||    23
       Invisible         |       |       |     1 ||     1
Armor: Skin              |    12 |     9 |    11 ||    32
Dodge: Dodged            |    66 |    82 |   165 ||   313

Table legend: (Time is in decaauts)
 A = Elapsed time spent in this place.
 B = Non-inter-level travel time spent in this place.
 C = Inter-level travel time spent in this place.
 D = Time resting spent in this place.
 E = Time spent auto-exploring this place.
 F = Levels seen in this place.
 G = Mean time per level.
                   A        B        C        D        E       F      G
               +--------+--------+--------+--------+--------+-----+--------+
         Total |   8816 |   8653 |    163 |    617 |   6893 |   8 | 1102.0 |
       Dungeon |   7238 |   7075 |    163 |    483 |   5742 |   6 | 1206.3 |
         Sewer |    320 |    320 |      0 |    122 |    149 |   1 |  320.0 |
       Ossuary |   1257 |   1257 |      0 |     12 |   1002 |   1 | 1257.0 |
               +--------+--------+--------+--------+--------+-----+--------+

Top non-repeatable levels by time:
     D:2: 1782 daAuts
     D:1: 1662 daAuts
     D:5: 1304 daAuts
 Ossuary: 1257 daAuts
     D:4: 1162 daAuts
     D:3: 1028 daAuts
   Sewer: 320 daAuts
     D:6: 298 daAuts
